 Dungeon Crawl Stone Soup version 0.31-a0-237-g2d982f9f85 (webtiles) character file.

Game seed: 10391170186190192600

299 qw the Shooter (level 6, -5/37 HPs)
             Began as a Gargoyle Hexslinger on July 10, 2023.
             Slain by Eustachio
             ... wielding a +2 falchion of protection
              (6 damage)
             ... on level 4 of the Dungeon.
             The game lasted 00:01:18 (2705 turns).

qw the Shooter (Gargoyle Hexslinger)                Turns: 2705, Time: 00:01:19

Health: -5/37      AC:  7    Str: 11      XL:     6   Next: 36%
Magic:  8/8        EV: 11    Int: 14      God:
Gold:   270        SH:  5    Dex: 11 (14) Spells: 6/7 levels left

rFire   . . .        Y - +2 sling
rCold   . . .        (no shield)
rNeg    + . .        f - +0 leather armour
rPois   inf          (no helmet)
rElec   +            (no cloak)
rCorr   .            (no gloves)
SInv    .            (no boots)
Will    .....        i - amulet of reflection
Stlth   +            (no ring)
HPRegen 0.26/turn    (no ring)
MPRegen 0.11/turn

%: reflection
@: no status effects
A: sickness immunity, AC +4, negative energy resistance 1, electricity
resistance, torment resistance 1, petrification resistance, claws 1, high MP 1
a: no special abilities


You were on level 4 of the Dungeon.
You visited 1 branch of the dungeon, and saw 4 of its levels.

You collected 270 gold pieces.


Innate Abilities, Weirdness & Mutations

You are immune to sickness and miasma.
Your stone body is resilient. (AC +4)
You are immune to poison.
You resist negative energy. (rN+)
You are resistant to electric shocks. (rElec)
You are resistant to unholy torment.
You are immune to petrification.
You have sharp fingernails.
You have an increased reservoir of magic. (+10% MP)


   Skills:
 - Level 3.4 Fighting
 + Level 5.7 Ranged Weapons
 - Level 1.5 Dodging
 - Level 1.0 Spellcasting
 - Level 2.6 Hexes


You had 6 spell levels left.
You knew the following spells:

 Your Spells              Type           Power      Damage    Failure   Level
a - Slow                  Hex            32%        N/A       12%         1

Your spell library contained the following spells:

 Spells                   Type           Power      Damage    Failure   Level
 Inner Flame              Hex/Fire       4%         N/A       52%         3
 Portal Projectile        Hex/Tloc       8%         N/A       52%         3
 Cause Fear               Hex            4%         N/A       75%         4

Inventory:

Hand Weapons
 Y - a +2 sling (weapon)
Armour
 f - a +0 leather armour (worn)
 h - a +0 ring mail
 j - the +0 cloak "Medeukhla" {rF+ Stlth+}
   (You found it on level 4 of the Dungeon)

   rF:        It protects you from fire.
   Stlth:     It makes you more stealthy.
Jewellery
 i - an amulet of reflection (around neck)
Scrolls
 e - a scroll of identify
Potions
 a - a potion of resistance
 b - a potion of berserk rage {unknown}
 c - a potion of haste {unknown}
 d - 4 potions of mutation
 g - a potion of enlightenment {unknown}
 k - a potion of might

Dungeon Overview and Level Annotations

Branches:
Dungeon (4/15)
 Temple: D:4-7

Altars:
Cheibriados

Annotations:
D:4 Eustachio


Message History

The sling bullet barely misses the quasit.
The sling bullet closely misses the white imp.
The sling bullet hits Eustachio but does no damage.
The quasit bites you but does no damage.
The quasit barely misses you. x2
The quasit bites you but does no damage.
The quasit claws you but does no damage.
The quasit closely misses you.
You shoot a sling bullet. The sling bullet hits the quasit.
You kill the quasit!
The quasit disappears in a puff of smoke!
You shoot a sling bullet. The sling bullet hits the white imp.
The white imp is lightly wounded.
The white imp disappears in a puff of smoke!
You shoot a sling bullet.
The sling bullet barely misses Eustachio.
Eustachio calls on the powers of shadow!
Eustachio misses you.
You shoot a sling bullet.
The sling bullet closely misses Eustachio.
Eustachio hits you with a +2 falchion of protection.
Eustachio closely misses you.
You shoot a sling bullet.
The sling bullet hits Eustachio but does no damage.
Eustachio hits you with a +2 falchion of protection.
You shoot a sling bullet.
The sling bullet hits Eustachio but does no damage.
Eustachio hits you with a +2 falchion of protection.
You shoot a sling bullet.
The sling bullet closely misses Eustachio.
Eustachio screams, "This atrocity can only be purified with blood!"
Eustachio closely misses you.
You shoot a sling bullet.
The sling bullet barely misses Eustachio.
Eustachio hits you with a +2 falchion of protection!
You shoot a sling bullet. The sling bullet hits Eustachio.
Eustachio is lightly wounded.
Eustachio gestures wildly while chanting.
Eustachio hits you with a +2 falchion of protection.
You die...

####.#### #.......#
#.##.##.# ... #.##>##.#
... #.#..##.# #.#
#.#.###.# #.#
#.#.###.######## #.#
#######...............
#.#
####..5@@....############
#.###....#########
#.....#### #######


You could see Eustachio and a white imp (summoned).

Vanquished Creatures
  A scorpion (D:4)
  An orc priest (D:4)
  An orc wizard (D:4)
  An iguana (D:3)
  Natasha (D:2)
  4 adders
  A gnoll (D:1)
  3 worms (D:2)
  5 dart slugs
  3 orcs (D:4)
  6 ball pythons
  5 endoplasms
  7 goblins
  8 hobgoblins
  2 jackals (D:3)
  5 quokkas
  8 bats
  4 frilled lizards
  6 kobolds
  5 rats
77 creatures vanquished.

Notes
Turn   | Place    | Note
-------+----------+-------------------------------------------
     0 | D:1      | qw the Gargoyle Hexslinger began the quest for the Orb.
     0 | D:1      | Reached XP level 1. HP: 12/12 MP: 2/2
     0 | D:1      | 0 ||| qw: Version: 0.3-a-52-g30416fa
     0 | D:1      | 0 ||| qw: Game counter: 5252
     0 | D:1      | 0 ||| qw: Melee chars always use a shield: true
     0 | D:1      | 0 ||| qw: God list: Okawaru
     0 | D:1      | 0 ||| qw: Allow faded altars: false
     0 | D:1      | 0 ||| qw: Do Orc after clearing Dungeon:15 true
     0 | D:1      | 0 ||| qw: Do second Lair branch before Depths: true
     0 | D:1      | 0 ||| qw: Lair rune preference: random
     0 | D:1      | 0 ||| qw: Goals: Normal
     0 | D:1      | 0 ||| PLANNING D:1-11
    23 | D:1      | 23 ||| FLEEEEING.
    24 | D:1      | 24 ||| FLEEEEING.
    25 | D:1      | 25 ||| FLEEEEING.
    67 | D:1      | Reached XP level 2. HP: 16/16 MP: 3/3
   150 | D:1      | Reached skill level 3 in Ranged Weapons
   281 | D:1      | Reached XP level 3. HP: 20/21 MP: 4/4
   437 | D:1      | Found a faded altar of an unknown god.
   677 | D:1      | 677 ||| UPGRADING to amulet of reflection.
   682 | D:1      | 682 ||| DROPPING ring of magical power.
   683 | D:1      | 683 ||| READING scroll labelled KUT CAUZALAR.
   684 | D:1      | 684 ||| READING scroll labelled WEABICW NEFABB.
   685 | D:1      | 685 ||| READING scroll labelled PUCIACEGIM.
   686 | D:1      | 686 ||| DRINKING 2 lumpy blue potions.
   686 | D:1      | Gained mutation: You have sharp fingernails. [potion of
                  | mutation]
   686 | D:1      | Gained mutation: You have an increased reservoir of magic.
                  | (+10% MP) [potion of mutation]
   687 | D:1      | 687 ||| DROPPING scroll of poison.
   888 | D:2      | Reached skill level 4 in Ranged Weapons
   888 | D:2      | Reached XP level 4. HP: 20/26 MP: 6/6
  1046 | D:2      | Found a snail-covered altar of Cheibriados.
  1214 | D:2      | Noticed Natasha
  1218 | D:2      | 1218 ||| FLEEEEING.
  1225 | D:2      | 1225 ||| FLEEEEING.
  1228 | D:2      | Killed Natasha
  1276 | D:2      | 1276 ||| UPGRADING to +0 leather armour.
  1286 | D:2      | 1286 ||| DROPPING +0 robe.
  1287 | D:2      | 1287 ||| READING 2 scrolls labelled QEENOT USIABLA.
  1347 | D:3      | Reached XP level 5. HP: 30/30 MP: 7/7
  1646 | D:3      | Reached skill level 5 in Ranged Weapons
  2103 | D:3      | 2103 ||| DRINKING 2 fizzy clear potions.
  2104 | D:3      | 2104 ||| DRINKING 2 fuming black potions.
  2105 | D:3      | 2105 ||| READING 2 scrolls of identify.
  2105 | D:3      | 2105 ||| IDENTIFYING pink potion
  2172 | D:4      | Identified the +0 cloak "Medeukhla" {rF+ Stlth+}
  2188 | D:4      | Reached skill level 3 in Fighting
  2188 | D:4      | Reached XP level 6. HP: 16/37 MP: 8/8
  2274 | D:4      | 2274 ||| DRINKING potion of curing.
  2274 | D:4      | 2274 ||| (to cure confusion)
  2579 | D:4      | 2579 ||| FLEEEEING.
  2580 | D:4      | 2580 ||| FLEEEEING.
  2625 | D:4      | Noticed Eustachio
  2664 | D:4      | 2664 ||| FLEEEEING.
  2671 | D:4      | 2671 ||| FLEEEEING.
  2672 | D:4      | 2672 ||| FLEEEEING.
  2673 | D:4      | 2673 ||| FLEEEEING.
  2674 | D:4      | 2674 ||| FLEEEEING.
  2701 | D:4      | HP: 8/37 [Eustachio/+2 falchion of protection (5)]
  2704 | D:4      | HP: 1/37 [Eustachio/+2 falchion of protection (7)]
  2705 | D:4      | Slain by Eustachio

Levels and vault maps discovered:
D:1:      grunt_arrival_crossed_arrows, layout_basic,
          ebering_ecumenical_altar_rust, minmay_pentomino_u2
D:2:      layout_basic, basic_altar, nicolae_figureground_sparkle, uniq_natasha
D:3:      layout_basic, hangedman_abyss_or_decor_stabs, minmay_stone_trees_small
D:4:      layout_loops_cross, nemelex_xobeh_ov_fountains_minmay, zin_angel,
          minmay_strange_pillars, hangedman_minor_gate_pass, uniq_eustachio

Skill      XL: |  1  2  3  4  5 |
---------------+----------------+-----
Ranged Weapons | 3 4 5 |  5.7
Fighting       | 2 3 |  3.4
Dodging        | |  1.5
Spellcasting   | |  1.0
Hexes          | |  2.6

Action                     |  1- 3 |  4- 6 || total
---------------------------+-------+-------++-------
   Fire: Sling             |    77 |   240 ||   317
    Use: Scroll            |     3 |     2 ||     5
         Potion            |     1 |     3 ||     4
 Armour: Robe              |     3 |     4 ||     7
         Leather armour    |       |    43 ||    43
  Dodge: Dodged            |    12 |    72 ||    84
  Block: Other             |     1 |    49 ||    50

Table legend:
 A = Non-vault XP
 B = Vault XP
 C = Vault XP percentage of total XP
 D = Non-vault monster count
 E = Vault monster count
 F = Vault count percentage of total count
                 A         B        C        D         E       F
            +---------+---------+-------+---------+---------+-------
      Total |     385 |      43 |  10.0 |      72 |       5 |   6.5
            +---------+---------+-------+---------+---------+-------
        D:1 |      58 |       6 |   9.4 |      25 |       2 |   7.4
        D:2 |      58 |      33 |  36.3 |      22 |       1 |   4.3
        D:3 |      79 |       0 |   0.0 |      13 |       0 |   0.0
        D:4 |     190 |       4 |   2.1 |      12 |       2 |  14.3
            +---------+---------+-------+---------+---------+-------
